cohdb
Replays
Latest Replays
All Replays
Popular Replays
Top Player Replays
Match Explorer
How It Works
Community
CoH3 Stats
Reddit
Sign in to upload your games and track your stats! →
Sign in with Steam
Match 42261928
Unlisted
Match 42261928
Overview
Messages
Build Orders
End
250 Light Carrier
Panzergrenadier Squad
Panzerpioneer Squad
Construct Light Support Kompanie
MG34 Team
Selects Panzerjäger Kommand Battlegroup
Selects Mine Fields
2.5-tonne Medical Truck
Fire Support Elements
Panzerjäger Mechanized Group
Selects Tank Busters
Flakvierling Half-track
Assault Grenadier Squad
Combat Half-tracks
Selects Defensive Positions
Construct Panzerarmee Kommand
Selects Butterfly Bomb Drop
Panzer III L Medium Tank
2.5-tonne Medical Truck
MG34 Team
Butterfly Bomb Drop
Panzerpioneer Squad
Selects Crew Shock Tactics
Armored Reserves
Butterfly Bomb Drop
Butterfly Bomb Drop
Selects Anti-tank Overwatch
Tiger Heavy Tank
Panzergrenadier Squad
Panzer III L Medium Tank
Panzer III L Medium Tank
Anti-tank Overwatch
Butterfly Bomb Drop
MG34 Team
Panzer IV Assault Group
Chuck Balboa
Vondorberg
Kim Jong-un
Atomic Floyd
deadsadbadmad
Alessandro-9891
0
0
Comments
sign in to comment!
No comments posted yet!